Senators vs Demolitions (R1)

Created - 25 avril 2014 at 19:06

Goals
1 2 3 T
Senators 1 0 1 2
Demolitions 1 2 1 4
Shots
1 2 3 T
Senators 9 8 5 22
Demolitions 14 23 2 39

1st period

1. Demolitions , Troy Brouwer 5 (Brad Richardson) at 15:16
2. Senators , Nikolai Kulemin 6 (Logan Stephenson, Josh Hennessy) at 16:54

Penalties :
Vladimir Mihalik (BIN) for Tripping (Minor) at 2:15, Logan Stephenson (BIN) for Holding Stick (Minor) at 9:31, Anton Babchuk (Vic) for Hooking (Minor) at 18:04, Vladimir Mihalik (BIN) for High sticking (Minor) at 18:56

2nd period

3. Demolitions , T.J. Hensick 14 (Marcel Hossa) at 9:29
4. Demolitions , Troy Brouwer 6 (Brandon Bochenski, Brad Richardson) at 14:48

Penalties :
Vladimir Mihalik (BIN) for Holding (Minor) at 9:34, T.J. Hensick (Vic) for Holding (Minor) at 9:55, Vladimir Mihalik (BIN) for Tripping (Minor) at 19:58

3rd period

5. Senators , Brett Sterling 3 (Jack Skille, Cody Hodgson) at 8:38
6. Demolitions , Anthony Stewart 4 (T.J. Hensick) at 19:45 (Empty Net)

Penalties :
Stanislav Chistov (BIN) for Holding (Minor) at 6:27, Shane Sims (BIN) for High sticking (Minor) at 9:24, Ryan Craig (Vic) for Slashing (Minor) at 12:40, Brandon Bochenski (Vic) for Tripping (Minor) at 15:32

Goalie Stats

Jeff Deslauriers (BIN), 35 saves from 38 shots - (0,921), L, 4-3-1, 59:29 minutes
Antero Niittymaki (Vic), 20 saves from 22 shots - (0,909), W, 5-4-0, 60:00 minutes

Players Stats for Senators

Player Name              G  A  P  +/- PIM S  H  SB GA TA FO     MP     PP MP  PK MP  
------------------------------------------------------------------------------------
Andrew Murray            0  0  0   0  0   1  1  2  0  0  4/9    13:36   0:10   1:41 
B.J. Crombeen            0  0  0   0  0   3  2  2  0  2  12/16  22:55   2:30   6:15 
Brett Sterling           1  0  1   1  0   2  0  1  0  1  0/0     9:35   0:00   1:19 
Clayton Stoner           0  0  0   0  0   0  1  1  0  0  0/0     7:15   0:43   1:29 
Cody Hodgson             0  1  1   1  0   0  0  0  0  0  3/3     6:33   0:00   0:00 
Erik Karlsson            0  0  0  -1  0   0  0  3  1  0  0/0    18:17   2:01   2:02 
Gilbert Brule            0  0  0  -1  0   3  1  1  1  1  7/20   23:36   2:28   6:19 
Jack Skille              0  1  1   0  0   2  1  0  0  0  0/0     9:14   0:09   0:00 
Josh Hennessy            0  1  1  -2  0   2  1  0  1  0  2/6    13:27   2:31   0:00 
Logan Stephenson         0  1  1  -1  2   1  0  0  1  0  0/0    20:28   3:04   3:59 
Milan Jurcina            0  0  0  -1  0   0  0  2  0  2  0/0    29:08   2:14   6:56 
Niklas Hagman            0  0  0  -1  0   0  1  3  0  1  2/3    18:56   2:31   3:21 
Nikolai Kulemin          1  0  1  -2  0   3  3  0  0  1  0/0    17:35   2:31   3:21 
Shane Sims               0  0  0   1  2   0  0  1  0  0  0/0    17:40   0:21   4:42 
Stanislav Chistov        0  0  0  -2  2   2  1  0  0  1  0/0    13:25   2:31   0:00 
Steven Goertzen          0  0  0   0  0   2  0  0  0  0  0/1    10:56   0:18   0:00 
Travis Moen              0  0  0   0  0   1  1  1  0  0  0/0     9:36   0:00   0:00 
Vladimir Mihalik         0  0  0  -2  8   0  3  0  0  2  0/0    23:48   1:52   3:08 

Players Stats for Demolitions

Player Name              G  A  P  +/- PIM S  H  SB GA TA FO     MP     PP MP  PK MP  
------------------------------------------------------------------------------------
Andy Rogers              0  0  0   3  0   2  0  3  0  0  0/0    20:40   4:35   2:25 
Anthony Stewart          1  0  1   2  0   3  1  1  1  0  1/3    20:02   5:49   1:02 
Anton Babchuk            0  0  0   3  2   2  0  0  0  0  0/0    20:26   4:57   1:50 
Bobby Butler             0  0  0  -1  0   1  1  1  1  0  0/0    10:16   0:03   0:01 
Brad Richardson          0  2  2   2  0   0  2  2  1  0  3/6    19:23   5:16   2:31 
Brandon Bochenski        0  1  1   2  2   0  2  0  2  0  0/0    14:51   4:54   0:00 
Cal Clutterbuck          0  0  0  -1  0   1  0  0  1  0  1/1     8:33   0:00   0:00 
Jordan LaVallee          0  0  0   0  0   0  0  0  0  0  0/0     2:01   0:00   1:26 
Josh Beaulieu            0  0  0   0  0   0  0  0  0  0  0/0     0:04   0:00   0:04 
Kyle Cumiskey            0  0  0   1  0   1  1  1  2  0  0/0    28:07   5:59   2:46 
Kyle Wharton             0  0  0  -2  0   1  1  0  0  0  0/0    11:13   0:34   0:00 
Marc-André Bernier       0  0  0  -1  0   0  1  0  0  0  0/0    10:58   0:03   0:54 
Marcel Hossa             0  1  1   2  0   7  0  0  2  2  1/2    20:02   5:49   1:02 
Masi Marjamaki           0  0  0   0  0   0  0  0  0  0  0/0     0:00   0:00   0:00 
Nicolas Blanchard        0  0  0  -1  0   3  1  0  0  0  2/2     9:01   0:00   0:27 
Petr Vrana               0  0  0  -1  0   4  1  0  0  0  1/1     8:33   0:00   0:00 
Robert Bortuzzo          0  0  0  -2  0   0  0  0  0  0  0/0    11:48   0:34   0:35 
Robert Klinkhammer       0  0  0   0  0   0  0  0  0  0  0/0     0:00   0:00   0:00 
Ryan Craig               0  0  0  -1  2   2  2  0  0  0  2/7    10:27   0:07   0:00 
Spencer Machacek         0  0  0   0  0   0  0  0  0  0  0/0     0:00   0:00   0:00 
T.J. Hensick             1  1  2   2  2   4  2  1  1  0  17/36  22:47   6:10   2:55 
Taylor Chorney           0  0  0   1  0   5  1  0  0  2  0/0    28:07   5:59   2:46 
Troy Brouwer             2  0  2   2  0   3  1  0  0  0  0/0    14:41   4:50   0:00 
Vince Rocco              0  0  0   0  0   0  0  0  0  0  0/0     0:00   0:00   0:00 

3 Stars

1 - Troy Brouwer (Vic)
2 - T.J. Hensick (Vic)
3 - Brad Richardson (Vic)

Power Play

Senators - 0 on 4 Attempt(s) - 0,00%
Demolitions - 0 on 7 Attempt(s) - 0,00%

Penalty Kill

Senators - 7 on 7 Attempt(s) - 100,00% - Score 0 goal in Penalty Kill
Demolitions - 4 on 4 Attempt(s) - 100,00% - Score 0 goal in Penalty Kill

Official

Referees : Joannette Marc and Walkom Stephen
Linesman : Jonny Murray and Bryan Pancich

Game Notes

Clayton Stoner is injured at 19:44 of 1st period (Strained Right Elbow)
Anthony Stewart has scored in a empty net!

Finance

Level 1 -- Attendance: 2000 (100,00%) -- Ticket Income 70 000 $
Level 2 -- Attendance: 1000 (100,00%) -- Ticket Income 15 000 $
Total Attendance: 3000 (100,00%)
Total Ticket Income: 85 000 $
Other Income: 4 250 $
Total Income: 89 250 $

Senators

5 vs 5 Forward 
   Center                   Left Wing                Right Wing               Time % Phy DF OF 
 1 Gilbert Brule            Niklas Hagman            B.J. Crombeen            40     1   2  2  
 2 Josh Hennessy            Nikolai Kulemin          Stanislav Chistov        30     1   2  2  
 3 Andrew Murray            Travis Moen              Steven Goertzen          20     1   2  2  
 4 Cody Hodgson             Brett Sterling           Jack Skille              10     1   2  2  

5 vs 5 Defense 
   Defense                  Defense                                           Time % Phy DF OF 
 1 Vladimir Mihalik         Milan Jurcina                                     40     1   2  2  
 2 Logan Stephenson         Clayton Stoner                                    30     1   2  2  
 3 Erik Karlsson            Shane Sims                                        20     1   2  2  
 4 Vladimir Mihalik         Milan Jurcina                                     10     1   2  2  

PowerPlay Forward 
   Center                   Left Wing                Right Wing               Time % Phy DF OF 
 1 Gilbert Brule            Niklas Hagman            B.J. Crombeen            60     1   2  2  
 2 Josh Hennessy            Nikolai Kulemin          Stanislav Chistov        40     1   2  2  

PowerPlay Defense
   Defense                  Defense                                           Time % Phy DF OF 
 1 Vladimir Mihalik         Milan Jurcina                                     60     1   2  2  
 2 Logan Stephenson         Clayton Stoner                                    40     1   2  2  

Penalty Kill 4 Players Forward 
   Center                   Wing                     Time % Phy DF OF 
 1 B.J. Crombeen            Gilbert Brule            60     1   2  2  
 2 Niklas Hagman            Nikolai Kulemin          40     1   2  2  

Penalty Kill 4 Players Defense
   Defense                  Defense                  Time % Phy DF OF 
 1 Vladimir Mihalik         Milan Jurcina            60     1   2  2  
 2 Logan Stephenson         Clayton Stoner           40     1   2  2  

Penalty Kill - 3 Players Forward 
   Forward                                           Time % Phy DF OF 
 1 B.J. Crombeen                                     60     1   2  2  
 2 Gilbert Brule                                     40     1   2  2  

Penalty Kill - 3 Players Defense
   Defense                  Defense                  Time % Phy DF OF 
 1 Vladimir Mihalik         Milan Jurcina            60     1   2  2  
 2 Logan Stephenson         Clayton Stoner           40     1   2  2  

4 vs 4 Forward 
   Center                   Wing                     Time % Phy DF OF 
 1 B.J. Crombeen            Gilbert Brule            60     1   2  2  
 2 Niklas Hagman            Nikolai Kulemin          40     1   2  2  

4 vs 4 Defense
   Defense                  Defense                  Time % Phy DF OF 
 1 Vladimir Mihalik         Milan Jurcina            60     1   2  2  
 2 Logan Stephenson         Clayton Stoner           40     1   2  2  

Last Minutes Offensive
   Center                   Left Wing                Right Wing               Defense                  Defense                  
   Gilbert Brule            Niklas Hagman            B.J. Crombeen            Vladimir Mihalik         Milan Jurcina            

Last Minutes Defensive
   Center                   Left Wing                Right Wing               Defense                  Defense                  
   Gilbert Brule            Niklas Hagman            B.J. Crombeen            Vladimir Mihalik         Milan Jurcina            

Goaltenders
Starting : Jeff Deslauriers         
Backup : Jason LaBarbera          

Extra Forwards
Normal : Steven Goertzen, Jack Skille, Andrew Murray - PP : Steven Goertzen, Jack Skille - PK : Andrew Murray
Extra Defensemen
Normal : Erik Karlsson, Shane Sims, Logan Stephenson - PP : Erik Karlsson - PK : Shane Sims, Logan Stephenson
Penalty Shots
B.J. Crombeen, Gilbert Brule, Niklas Hagman, Nikolai Kulemin, Stanislav Chistov

Demolitions

5 vs 5 Forward 
   Center                   Left Wing                Right Wing               Time % Phy DF OF 
 1 T.J. Hensick             Marcel Hossa             Anthony Stewart          40     1   2  2  
 2 Brad Richardson          Troy Brouwer             Brandon Bochenski        30     1   2  2  
 3 Ryan Craig               Bobby Butler             Marc-André Bernier       20     1   2  2  
 4 Nicolas Blanchard        Petr Vrana               Cal Clutterbuck          10     1   2  2  

5 vs 5 Defense 
   Defense                  Defense                                           Time % Phy DF OF 
 1 Taylor Chorney           Kyle Cumiskey                                     40     1   2  2  
 2 Andy Rogers              Anton Babchuk                                     30     1   2  2  
 3 Kyle Wharton             Robert Bortuzzo                                   20     1   2  2  
 4 Taylor Chorney           Kyle Cumiskey                                     10     1   2  2  

PowerPlay Forward 
   Center                   Left Wing                Right Wing               Time % Phy DF OF 
 1 T.J. Hensick             Marcel Hossa             Anthony Stewart          60     1   2  2  
 2 Brad Richardson          Troy Brouwer             Brandon Bochenski        40     1   2  2  

PowerPlay Defense
   Defense                  Defense                                           Time % Phy DF OF 
 1 Taylor Chorney           Kyle Cumiskey                                     60     1   2  2  
 2 Andy Rogers              Anton Babchuk                                     40     1   2  2  

Penalty Kill 4 Players Forward 
   Center                   Wing                     Time % Phy DF OF 
 1 T.J. Hensick             Brad Richardson          60     1   2  2  
 2 Anthony Stewart          Marcel Hossa             40     1   2  2  

Penalty Kill 4 Players Defense
   Defense                  Defense                  Time % Phy DF OF 
 1 Taylor Chorney           Kyle Cumiskey            60     1   2  2  
 2 Andy Rogers              Anton Babchuk            40     1   2  2  

Penalty Kill - 3 Players Forward 
   Forward                                           Time % Phy DF OF 
 1 T.J. Hensick                                      60     1   2  2  
 2 Brad Richardson                                   40     1   2  2  

Penalty Kill - 3 Players Defense
   Defense                  Defense                  Time % Phy DF OF 
 1 Taylor Chorney           Kyle Cumiskey            60     1   2  2  
 2 Andy Rogers              Anton Babchuk            40     1   2  2  

4 vs 4 Forward 
   Center                   Wing                     Time % Phy DF OF 
 1 T.J. Hensick             Brad Richardson          60     1   2  2  
 2 Anthony Stewart          Marcel Hossa             40     1   2  2  

4 vs 4 Defense
   Defense                  Defense                  Time % Phy DF OF 
 1 Taylor Chorney           Kyle Cumiskey            60     1   2  2  
 2 Andy Rogers              Anton Babchuk            40     1   2  2  

Last Minutes Offensive
   Center                   Left Wing                Right Wing               Defense                  Defense                  
   T.J. Hensick             Marcel Hossa             Anthony Stewart          Taylor Chorney           Kyle Cumiskey            

Last Minutes Defensive
   Center                   Left Wing                Right Wing               Defense                  Defense                  
   T.J. Hensick             Marcel Hossa             Anthony Stewart          Taylor Chorney           Kyle Cumiskey            

Goaltenders
Starting : Antero Niittymaki        
Backup : Chad Johnson             

Extra Forwards
Normal : Ryan Craig, Bobby Butler, Marc-André Bernier - PP : Ryan Craig, Bobby Butler - PK : Marc-André Bernier
Extra Defensemen
Normal : Kyle Wharton, Robert Bortuzzo, Andy Rogers - PP : Kyle Wharton - PK : Robert Bortuzzo, Andy Rogers
Penalty Shots
T.J. Hensick, Brad Richardson, Anthony Stewart, Marcel Hossa, Troy Brouwer

% Time on Ice - Senators

Lines # - Real PCT - Wanted PCT - Time Play
Normal Forward
1 - 30% - 40% - 12:01
2 - 30% - 30% - 11:52
3 - 24% - 20% - 9:36
4 - 16% - 10% - 6:27
Normal Defense
1 - 39% - 40% - 15:36
2 - 40% - 30% - 16:04
3 - 19% - 20% - 7:41
4 - 1% - 10% - 0:35
PP Forward
1 - 51% - 60% - 2:40
2 - 49% - 40% - 2:31
PP Defense
1 - 31% - 60% - 1:35
2 - 69% - 40% - 3:36
PK Forward
1 - 70% - 60% - 7:47
2 - 30% - 40% - 3:21
PK Defense
1 - 57% - 60% - 6:20
2 - 43% - 40% - 4:48
PK3 Forward
1 - 0% - 60%
2 - 0% - 40%
PK3 Defense
1 - 0% - 60%
2 - 0% - 40%
44 Forward
1 - 74% - 60% - 2:02
2 - 26% - 40% - 0:43
44 Defense
1 - 68% - 60% - 1:53
2 - 32% - 40% - 0:52
Last Minute Offensive  - 1:00
Last Minute Defensive  - 0:00
Total
Forward - 60:00
Defense - 60:00

% Time on Ice - Demolitions

Lines # - Real PCT - Wanted PCT - Time Play
Normal Forward
1 - 31% - 40% - 12:11
2 - 25% - 30% - 9:58
3 - 23% - 20% - 9:14
4 - 21% - 10% - 8:33
Normal Defense
1 - 40% - 40% - 16:00
2 - 30% - 30% - 12:07
3 - 27% - 20% - 10:39
4 - 3% - 10% - 1:10
PP Forward
1 - 56% - 60% - 6:14
2 - 44% - 40% - 4:54
PP Defense
1 - 59% - 60% - 6:33
2 - 41% - 40% - 4:35
PK Forward
1 - 80% - 60% - 4:09
2 - 20% - 40% - 1:02
PK Defense
1 - 53% - 60% - 2:46
2 - 47% - 40% - 2:25
PK3 Forward
1 - 0% - 60%
2 - 0% - 40%
PK3 Defense
1 - 0% - 60%
2 - 0% - 40%
44 Forward
1 - 92% - 60% - 2:31
2 - 8% - 40% - 0:14
44 Defense
1 - 68% - 60% - 1:53
2 - 32% - 40% - 0:52
Last Minute Offensive  - 0:00
Last Minute Defensive  - 1:00
Total
Forward - 60:00
Defense - 60:00

Play by Play

1st period


0:01 of 1st period - T.J. Hensick wins face-off versus Gilbert Brule in neutral zone.
0:04 of 1st period - Snap shot by Marcel Hossa.
0:04 of 1st period - Stopped by Jeff Deslauriers without a rebound.
0:05 of 1st period - T.J. Hensick wins face-off versus Gilbert Brule in Senators zone.
0:12 of 1st period - Backhand shot by T.J. Hensick.
0:12 of 1st period - Stopped by Jeff Deslauriers with a rebound.
0:14 of 1st period - Slapshot by Kyle Cumiskey.
0:14 of 1st period - Shot Misses the Net.
0:16 of 1st period - Slapshot by Kyle Cumiskey.
0:16 of 1st period - Shot Misses the Net.
0:18 of 1st period - Slapshot by Taylor Chorney.
0:18 of 1st period - Stopped by Jeff Deslauriers with a rebound.
0:20 of 1st period - Snap shot by Taylor Chorney.
0:20 of 1st period - Shot Misses the Net.
0:52 of 1st period - Snap shot by Petr Vrana.
0:52 of 1st period - Stopped by Jeff Deslauriers with a rebound.
0:54 of 1st period - Wrist shot by Andy Rogers.
0:54 of 1st period - Deflect By Petr Vrana.
0:54 of 1st period - Stopped by Jeff Deslauriers without a rebound.
0:55 of 1st period - Cal Clutterbuck wins face-off versus Andrew Murray in Senators zone.
1:06 of 1st period - Snap shot by Cal Clutterbuck.
1:06 of 1st period - Shot Misses the Net.
1:21 of 1st period - Off-side.
1:22 of 1st period - Cody Hodgson wins face-off versus Ryan Craig in neutral zone.
1:29 of 1st period - Wrist shot by Jack Skille.
1:29 of 1st period - Stopped by Antero Niittymaki with a rebound.
2:15 of 1st period - Minor Penalty to Vladimir Mihalik for Tripping.
2:16 of 1st period - T.J. Hensick wins face-off versus B.J. Crombeen in Senators zone.
2:48 of 1st period - Slapshot by Troy Brouwer.
2:48 of 1st period - Shot Misses the Net.
2:50 of 1st period - Wrist shot by Anton Babchuk.
2:50 of 1st period - Stopped by Jeff Deslauriers without a rebound.
2:51 of 1st period - Niklas Hagman wins face-off versus T.J. Hensick in Senators zone.
4:15 of 1st period - Penalty to Vladimir Mihalik is over, Vladimir Mihalik is back on ice.
4:22 of 1st period - Icing by Milan Jurcina.
4:23 of 1st period - Ryan Craig wins face-off versus Andrew Murray in Senators zone.
4:36 of 1st period - Snap shot by Ryan Craig.
4:36 of 1st period - Stopped by Jeff Deslauriers without a rebound.
4:37 of 1st period - T.J. Hensick wins face-off versus Gilbert Brule in Senators zone.
5:46 of 1st period - Wrist shot by Cody Hodgson.
5:46 of 1st period - Shot Misses the Net.
6:06 of 1st period - Snap shot by Marcel Hossa.
6:06 of 1st period - Stopped by Jeff Deslauriers with a rebound.
6:08 of 1st period - Wrist shot by Anthony Stewart.
6:08 of 1st period - Shot Blocked by Gilbert Brule.
6:24 of 1st period - Brandon Bochenski is hit by Nikolai Kulemin and loses puck.
6:45 of 1st period - Wrist shot by Troy Brouwer.
6:45 of 1st period - Shot Blocked by Andrew Murray.
6:47 of 1st period - Slapshot by Anton Babchuk.
6:47 of 1st period - Shot Blocked by Erik Karlsson.
6:49 of 1st period - Snap shot by Andy Rogers.
6:49 of 1st period - Shot Blocked by Erik Karlsson.
6:51 of 1st period - Slapshot by Andy Rogers.
6:51 of 1st period - Stopped by Jeff Deslauriers with a rebound.
6:53 of 1st period - Wrist shot by Marc-André Bernier.
6:53 of 1st period - Shot Misses the Net.
7:15 of 1st period - Taylor Chorney is hit by Travis Moen and loses puck.
7:50 of 1st period - Nikolai Kulemin is hit by Brandon Bochenski and loses puck.
8:15 of 1st period - Slapshot by Brett Sterling.
8:15 of 1st period - Shot Blocked by Bobby Butler.
8:17 of 1st period - Snap shot by Jack Skille.
8:17 of 1st period - Stopped by Antero Niittymaki with a rebound.
8:31 of 1st period - Slapshot by B.J. Crombeen.
8:31 of 1st period - Shot Blocked by Kyle Cumiskey.
8:33 of 1st period - Snap shot by B.J. Crombeen.
8:33 of 1st period - Stopped by Antero Niittymaki with a rebound.
9:26 of 1st period - Snap shot by Bobby Butler.
9:26 of 1st period - Shot Blocked by Niklas Hagman.
9:28 of 1st period - Slapshot by Kyle Wharton.
9:28 of 1st period - Stopped by Jeff Deslauriers without a rebound.
9:29 of 1st period - Josh Hennessy wins face-off versus T.J. Hensick in Senators zone.
9:31 of 1st period - Minor Penalty to Logan Stephenson for Holding Stick.
9:32 of 1st period - B.J. Crombeen wins face-off versus Anthony Stewart in Senators zone.
9:58 of 1st period - Andy Rogers is hit by Vladimir Mihalik and loses puck.
10:05 of 1st period - Snap shot by Nikolai Kulemin.
10:05 of 1st period - Shot Blocked by Andy Rogers.
10:07 of 1st period - Snap shot by Nikolai Kulemin.
10:07 of 1st period - Stopped by Antero Niittymaki with a rebound.
10:09 of 1st period - Slapshot by Niklas Hagman.
10:09 of 1st period - Shot Hit the Post.
10:11 of 1st period - Wrist shot by Nikolai Kulemin.
10:11 of 1st period - Shot Blocked by Brad Richardson.
11:31 of 1st period - Penalty to Logan Stephenson is over, Logan Stephenson is back on ice.
11:43 of 1st period - Off-side.
11:44 of 1st period - Nicolas Blanchard wins face-off versus Andrew Murray in neutral zone.
12:11 of 1st period - Bobby Butler is hit by Nikolai Kulemin and loses puck.
12:44 of 1st period - Marcel Hossa is hit by Clayton Stoner and loses puck.
13:28 of 1st period - Icing by Vladimir Mihalik.
13:29 of 1st period - Andrew Murray wins face-off versus T.J. Hensick in Senators zone.
14:26 of 1st period - Snap shot by Bobby Butler.
14:26 of 1st period - Stopped by Jeff Deslauriers with a rebound.
14:42 of 1st period - Wrist shot by Marcel Hossa.
14:42 of 1st period - Deflect By T.J. Hensick.
14:42 of 1st period - Shot Misses the Net.
14:42 of 1st period - Puck is out of play.
14:43 of 1st period - Gilbert Brule wins face-off versus T.J. Hensick in Senators zone.
14:50 of 1st period - Slapshot by Gilbert Brule.
14:50 of 1st period - Shot Misses the Net.
14:52 of 1st period - Slapshot by B.J. Crombeen.
14:52 of 1st period - Shot Blocked by Anthony Stewart.
14:56 of 1st period - Snap shot by Gilbert Brule.
14:56 of 1st period - Stopped by Antero Niittymaki with a rebound.
14:58 of 1st period - Snap shot by Niklas Hagman.
14:58 of 1st period - Shot Misses the Net.
15:09 of 1st period - Icing by Brandon Bochenski.
15:10 of 1st period - Brad Richardson wins face-off versus Josh Hennessy in Demolitions zone.
15:10 of 1st period - Brad Richardson is hit by Nikolai Kulemin.
15:16 of 1st period - Wrist shot by Troy Brouwer.
15:16 of 1st period - Goal by Troy Brouwer - Senators : 0 - Demolitions : 1.
15:17 of 1st period - Gilbert Brule wins face-off versus T.J. Hensick in neutral zone.
15:53 of 1st period - Slapshot by Troy Brouwer.
15:53 of 1st period - Shot Misses the Net.
16:09 of 1st period - Andrew Murray is hit by Marc-André Bernier and loses puck.
16:48 of 1st period - Snap shot by Josh Hennessy.
16:48 of 1st period - Shot Misses the Net.
16:50 of 1st period - Slapshot by Logan Stephenson.
16:50 of 1st period - Deflect By Josh Hennessy.
16:50 of 1st period - Stopped by Antero Niittymaki with a rebound.
16:52 of 1st period - Slapshot by Logan Stephenson.
16:52 of 1st period - Stopped by Antero Niittymaki with a rebound.
16:54 of 1st period - Snap shot by Nikolai Kulemin.
16:54 of 1st period - Goal by Nikolai Kulemin - Senators : 1 - Demolitions : 1.
16:55 of 1st period - Gilbert Brule wins face-off versus T.J. Hensick in neutral zone.
17:07 of 1st period - Wrist shot by Gilbert Brule.
17:07 of 1st period - Shot Misses the Net.
17:09 of 1st period - Snap shot by Gilbert Brule.
17:09 of 1st period - Shot Misses the Net.
17:21 of 1st period - Clayton Stoner is hit by Brad Richardson and loses puck.
18:04 of 1st period - Minor Penalty to Anton Babchuk for Hooking.
18:05 of 1st period - Gilbert Brule wins face-off versus T.J. Hensick in Demolitions zone.
18:16 of 1st period - Wrist shot by B.J. Crombeen.
18:16 of 1st period - Stopped by Antero Niittymaki with a rebound.
18:56 of 1st period - Minor Penalty to Vladimir Mihalik for High sticking.
18:57 of 1st period - B.J. Crombeen wins face-off versus T.J. Hensick in Senators zone.
19:40 of 1st period - Wrist shot by Marcel Hossa.
19:40 of 1st period - Stopped by Jeff Deslauriers with a rebound.
19:42 of 1st period - Slapshot by Taylor Chorney.
19:42 of 1st period - Deflect By Marcel Hossa.
19:42 of 1st period - Stopped by Jeff Deslauriers with a rebound.
19:44 of 1st period - Snap shot by Marcel Hossa.
19:44 of 1st period - Shot Blocked by Clayton Stoner.
19:44 of 1st period - Clayton Stoner from Senators is injured at 19:44 of 1st period (Strained Right Elbow).
19:45 of 1st period - B.J. Crombeen wins face-off versus T.J. Hensick in Senators zone.
19:58 of 1st period - Wrist shot by Brad Richardson.
19:58 of 1st period - Shot Misses the Net.
Goals for this period are 1 for Senators vs 1 for Demolitions.
Shots for this period are 9 for Senators vs 14 for Demolitions.

2nd period


0:01 of 2nd period - T.J. Hensick wins face-off versus B.J. Crombeen in neutral zone.
0:04 of 2nd period - Penalty to Anton Babchuk is over, Anton Babchuk is back on ice.
0:06 of 2nd period - Snap shot by T.J. Hensick.
0:06 of 2nd period - Stopped by Jeff Deslauriers without a rebound.
0:07 of 2nd period - B.J. Crombeen wins face-off versus T.J. Hensick in Senators zone.
0:14 of 2nd period - Slapshot by Brad Richardson.
0:14 of 2nd period - Shot Misses the Net.
0:20 of 2nd period - Slapshot by T.J. Hensick.
0:20 of 2nd period - Shot Misses the Net.
0:38 of 2nd period - Snap shot by Troy Brouwer.
0:38 of 2nd period - Stopped by Jeff Deslauriers without a rebound.
0:39 of 2nd period - Niklas Hagman wins face-off versus Brad Richardson in Senators zone.
0:56 of 2nd period - Penalty to Vladimir Mihalik is over, Vladimir Mihalik is back on ice.
1:04 of 2nd period - Snap shot by Marcel Hossa.
1:04 of 2nd period - Stopped by Jeff Deslauriers without a rebound.
1:05 of 2nd period - Josh Hennessy wins face-off versus T.J. Hensick in Senators zone.
1:12 of 2nd period - Wrist shot by Nikolai Kulemin.
1:12 of 2nd period - Shot Misses the Net.
1:18 of 2nd period - Slapshot by T.J. Hensick.
1:18 of 2nd period - Stopped by Jeff Deslauriers without a rebound.
1:19 of 2nd period - B.J. Crombeen wins face-off versus T.J. Hensick in Senators zone.
1:50 of 2nd period - Wrist shot by Brad Richardson.
1:50 of 2nd period - Shot Misses the Net.
1:52 of 2nd period - Slapshot by Taylor Chorney.
1:52 of 2nd period - Stopped by Jeff Deslauriers with a rebound.
2:13 of 2nd period - Slapshot by Bobby Butler.
2:13 of 2nd period - Shot Misses the Net.
2:24 of 2nd period - Off-side.
2:25 of 2nd period - Nicolas Blanchard wins face-off versus Niklas Hagman in neutral zone.
2:52 of 2nd period - Slapshot by Stanislav Chistov.
2:52 of 2nd period - Stopped by Antero Niittymaki with a rebound.
3:56 of 2nd period - Logan Stephenson is hit by Nicolas Blanchard and loses puck.
4:15 of 2nd period - Slapshot by Taylor Chorney.
4:15 of 2nd period - Stopped by Jeff Deslauriers with a rebound.
4:37 of 2nd period - Slapshot by Kyle Cumiskey.
4:37 of 2nd period - Shot Blocked by Andrew Murray.
4:44 of 2nd period - Icing by Milan Jurcina.
4:45 of 2nd period - Andrew Murray wins face-off versus Brad Richardson in Senators zone.
5:33 of 2nd period - Wrist shot by Ryan Craig.
5:33 of 2nd period - Stopped by Jeff Deslauriers with a rebound.
5:51 of 2nd period - Brad Richardson is hit by Stanislav Chistov and loses puck.
6:23 of 2nd period - Logan Stephenson is hit by Petr Vrana and loses puck.
6:44 of 2nd period - B.J. Crombeen is hit by Ryan Craig and loses puck.
7:07 of 2nd period - Brad Richardson is hit by Andrew Murray.
7:21 of 2nd period - Snap shot by Marcel Hossa.
7:21 of 2nd period - Shot Blocked by Milan Jurcina.
7:43 of 2nd period - Snap shot by Andrew Murray.
7:43 of 2nd period - Stopped by Antero Niittymaki with a rebound.
8:09 of 2nd period - Brandon Bochenski is hit by Vladimir Mihalik and loses puck.
8:28 of 2nd period - Snap shot by Steven Goertzen.
8:28 of 2nd period - Stopped by Antero Niittymaki without a rebound.
8:29 of 2nd period - T.J. Hensick wins face-off versus Steven Goertzen in Demolitions zone.
8:36 of 2nd period - Wrist shot by Travis Moen.
8:36 of 2nd period - Shot Blocked by Andy Rogers.
8:54 of 2nd period - Ryan Craig is hit by B.J. Crombeen and loses puck.
9:11 of 2nd period - Slapshot by Cal Clutterbuck.
9:11 of 2nd period - Shot Blocked by B.J. Crombeen.
9:13 of 2nd period - Slapshot by Kyle Cumiskey.
9:13 of 2nd period - Shot Blocked by Brett Sterling.
9:15 of 2nd period - Backhand shot by Petr Vrana.
9:15 of 2nd period - Shot Misses the Net.
9:17 of 2nd period - Slapshot by Kyle Cumiskey.
9:17 of 2nd period - Shot Blocked by Erik Karlsson.
9:19 of 2nd period - Snap shot by Nicolas Blanchard.
9:19 of 2nd period - Shot Blocked by B.J. Crombeen.
9:21 of 2nd period - Snap shot by Nicolas Blanchard.
9:21 of 2nd period - Stopped by Jeff Deslauriers without a rebound.
9:22 of 2nd period - Marcel Hossa wins face-off versus Josh Hennessy in Senators zone.
9:29 of 2nd period - Slapshot by T.J. Hensick.
9:29 of 2nd period - Goal by T.J. Hensick - Senators : 1 - Demolitions : 2.
9:30 of 2nd period - Anthony Stewart wins face-off versus Gilbert Brule in neutral zone.
9:34 of 2nd period - Minor Penalty to Vladimir Mihalik for Holding.
9:35 of 2nd period - T.J. Hensick wins face-off versus B.J. Crombeen in Senators zone.
9:47 of 2nd period - Snap shot by T.J. Hensick.
9:47 of 2nd period - Deflect By Marcel Hossa.
9:47 of 2nd period - Shot Blocked by Shane Sims.
9:47 of 2nd period - Puck is out of play.
9:48 of 2nd period - B.J. Crombeen wins face-off versus T.J. Hensick in Senators zone.
9:55 of 2nd period - Minor Penalty to T.J. Hensick for Holding.
9:56 of 2nd period - B.J. Crombeen wins face-off versus Ryan Craig in Demolitions zone.
11:09 of 2nd period - Anton Babchuk is hit by B.J. Crombeen and loses puck.
11:34 of 2nd period - Penalty to Vladimir Mihalik is over, Vladimir Mihalik is back on ice.
11:55 of 2nd period - Penalty to T.J. Hensick is over, T.J. Hensick is back on ice.
12:03 of 2nd period - Off-side.
12:04 of 2nd period - Andrew Murray wins face-off versus Marcel Hossa in neutral zone.
12:13 of 2nd period - Slapshot by Marcel Hossa.
12:13 of 2nd period - Shot Misses the Net.
12:15 of 2nd period - Slapshot by Kyle Wharton.
12:15 of 2nd period - Shot Blocked by Travis Moen.
12:17 of 2nd period - Snap shot by Marcel Hossa.
12:17 of 2nd period - Stopped by Jeff Deslauriers without a rebound.
12:18 of 2nd period - T.J. Hensick wins face-off versus Gilbert Brule in Senators zone.
12:36 of 2nd period - Icing by Gilbert Brule.
12:37 of 2nd period - Brad Richardson wins face-off versus Gilbert Brule in Senators zone.
12:46 of 2nd period - Snap shot by Niklas Hagman.
12:46 of 2nd period - Shot Misses the Net.
12:54 of 2nd period - Snap shot by B.J. Crombeen.
12:54 of 2nd period - Stopped by Antero Niittymaki without a rebound.
12:55 of 2nd period - T.J. Hensick wins face-off versus Josh Hennessy in Demolitions zone.
13:02 of 2nd period - Snap shot by Josh Hennessy.
13:02 of 2nd period - Shot Misses the Net.
13:04 of 2nd period - Wrist shot by Milan Jurcina.
13:04 of 2nd period - Shot Blocked by Andy Rogers.
13:08 of 2nd period - Slapshot by Stanislav Chistov.
13:08 of 2nd period - Stopped by Antero Niittymaki with a rebound.
13:10 of 2nd period - Backhand shot by Josh Hennessy.
13:10 of 2nd period - Stopped by Antero Niittymaki with a rebound.
13:37 of 2nd period - Slapshot by Taylor Chorney.
13:37 of 2nd period - Stopped by Jeff Deslauriers without a rebound.
13:38 of 2nd period - Ryan Craig wins face-off versus Andrew Murray in Senators zone.
13:51 of 2nd period - Snap shot by Travis Moen.
13:51 of 2nd period - Stopped by Antero Niittymaki without a rebound.
13:52 of 2nd period - T.J. Hensick wins face-off versus Gilbert Brule in Demolitions zone.
13:57 of 2nd period - Snap shot by Marcel Hossa.
13:57 of 2nd period - Shot Misses the Net.
13:59 of 2nd period - Slapshot by Taylor Chorney.
13:59 of 2nd period - Shot Blocked by Milan Jurcina.
14:01 of 2nd period - Wrist shot by Anthony Stewart.
14:01 of 2nd period - Stopped by Jeff Deslauriers without a rebound.
14:02 of 2nd period - Gilbert Brule wins face-off versus T.J. Hensick in Senators zone.
14:40 of 2nd period - Snap shot by Taylor Chorney.
14:40 of 2nd period - Deflect By Marcel Hossa.
14:40 of 2nd period - Stopped by Jeff Deslauriers with a rebound.
14:42 of 2nd period - Slapshot by Taylor Chorney.
14:42 of 2nd period - Deflect By Marcel Hossa.
14:42 of 2nd period - Shot Misses the Net.
14:42 of 2nd period - Puck is out of play.
14:43 of 2nd period - Brad Richardson wins face-off versus Josh Hennessy in Senators zone.
14:48 of 2nd period - Snap shot by Brandon Bochenski.
14:48 of 2nd period - Deflect By Troy Brouwer.
14:48 of 2nd period - Goal by Troy Brouwer - Senators : 1 - Demolitions : 3.
14:49 of 2nd period - T.J. Hensick wins face-off versus Gilbert Brule in neutral zone.
15:14 of 2nd period - Anton Babchuk is hit by Josh Hennessy and loses puck.
16:45 of 2nd period - Snap shot by Nikolai Kulemin.
16:45 of 2nd period - Stopped by Antero Niittymaki with a rebound.
16:47 of 2nd period - Slapshot by Nikolai Kulemin.
16:47 of 2nd period - Shot Misses the Net.
16:55 of 2nd period - Nikolai Kulemin is hit by Troy Brouwer.
17:19 of 2nd period - Logan Stephenson is hit by Taylor Chorney and loses puck.
17:30 of 2nd period - Snap shot by Jack Skille.
17:30 of 2nd period - Deflect By Cody Hodgson.
17:30 of 2nd period - Shot Misses the Net.
17:30 of 2nd period - Puck is out of play.
17:31 of 2nd period - T.J. Hensick wins face-off versus Gilbert Brule in Demolitions zone.
17:38 of 2nd period - Wrist shot by Anthony Stewart.
17:38 of 2nd period - Stopped by Jeff Deslauriers without a rebound.
17:39 of 2nd period - T.J. Hensick wins face-off versus Gilbert Brule in Senators zone.
18:26 of 2nd period - Slapshot by Cal Clutterbuck.
18:26 of 2nd period - Stopped by Jeff Deslauriers without a rebound.
18:27 of 2nd period - Petr Vrana wins face-off versus Andrew Murray in Senators zone.
18:41 of 2nd period - Slapshot by Nicolas Blanchard.
18:41 of 2nd period - Stopped by Jeff Deslauriers with a rebound.
19:02 of 2nd period - Snap shot by Petr Vrana.
19:02 of 2nd period - Stopped by Jeff Deslauriers with a rebound.
19:04 of 2nd period - Backhand shot by Nicolas Blanchard.
19:04 of 2nd period - Shot Misses the Net.
19:28 of 2nd period - Wrist shot by Petr Vrana.
19:28 of 2nd period - Stopped by Jeff Deslauriers with a rebound.
19:30 of 2nd period - Slapshot by Andy Rogers.
19:30 of 2nd period - Shot Misses the Net.
19:32 of 2nd period - Slapshot by Anton Babchuk.
19:32 of 2nd period - Deflect By Erik Karlsson.
19:32 of 2nd period - Stopped by Jeff Deslauriers with a rebound.
19:34 of 2nd period - Snap shot by Nicolas Blanchard.
19:34 of 2nd period - Stopped by Jeff Deslauriers with a rebound.
19:42 of 2nd period - Slapshot by Petr Vrana.
19:42 of 2nd period - Shot Misses the Net.
19:44 of 2nd period - Backhand shot by Andy Rogers.
19:44 of 2nd period - Deflect By Steven Goertzen.
19:44 of 2nd period - Stopped by Jeff Deslauriers without a rebound.
19:45 of 2nd period - Gilbert Brule wins face-off versus T.J. Hensick in Senators zone.
19:52 of 2nd period - Backhand shot by T.J. Hensick.
19:52 of 2nd period - Shot Misses the Net.
19:54 of 2nd period - Slapshot by Kyle Cumiskey.
19:54 of 2nd period - Stopped by Jeff Deslauriers without a rebound.
19:55 of 2nd period - Gilbert Brule wins face-off versus T.J. Hensick in Senators zone.
19:55 of 2nd period - Gilbert Brule is hit by Kyle Cumiskey.
19:58 of 2nd period - Minor Penalty to Vladimir Mihalik for Tripping.
19:59 of 2nd period - T.J. Hensick wins face-off versus B.J. Crombeen in Senators zone.
Goals for this period are 0 for Senators vs 2 for Demolitions.
Shots for this period are 8 for Senators vs 23 for Demolitions.

3rd period


0:01 of 3rd period - B.J. Crombeen wins face-off versus Anthony Stewart in neutral zone.
1:58 of 3rd period - Penalty to Vladimir Mihalik is over, Vladimir Mihalik is back on ice.
2:03 of 3rd period - Brett Sterling is hit by Brandon Bochenski.
3:21 of 3rd period - Ryan Craig is hit by Gilbert Brule and loses puck.
3:49 of 3rd period - Andy Rogers is hit by Jack Skille and loses puck.
4:01 of 3rd period - Travis Moen is hit by Brad Richardson.
4:13 of 3rd period - Josh Hennessy is hit by Kyle Wharton and loses puck.
4:34 of 3rd period - Niklas Hagman is hit by T.J. Hensick and loses puck.
5:08 of 3rd period - Snap shot by Steven Goertzen.
5:08 of 3rd period - Stopped by Antero Niittymaki with a rebound.
5:55 of 3rd period - Shane Sims is hit by Bobby Butler and loses puck.
6:27 of 3rd period - Minor Penalty to Stanislav Chistov for Holding.
6:28 of 3rd period - B.J. Crombeen wins face-off versus T.J. Hensick in Senators zone.
6:28 of 3rd period - B.J. Crombeen is hit by T.J. Hensick.
7:15 of 3rd period - Snap shot by Marcel Hossa.
7:15 of 3rd period - Shot Misses the Net.
7:17 of 3rd period - Wrist shot by T.J. Hensick.
7:17 of 3rd period - Shot Misses the Net.
7:19 of 3rd period - Slapshot by Taylor Chorney.
7:19 of 3rd period - Stopped by Jeff Deslauriers without a rebound.
7:20 of 3rd period - B.J. Crombeen wins face-off versus Brad Richardson in Senators zone.
8:27 of 3rd period - Penalty to Stanislav Chistov is over, Stanislav Chistov is back on ice.
8:34 of 3rd period - Slapshot by Brett Sterling.
8:34 of 3rd period - Stopped by Antero Niittymaki without a rebound.
8:35 of 3rd period - Cody Hodgson wins face-off versus Ryan Craig in Demolitions zone.
8:38 of 3rd period - Wrist shot by Brett Sterling.
8:38 of 3rd period - Goal by Brett Sterling - Senators : 2 - Demolitions : 3.
8:39 of 3rd period - T.J. Hensick wins face-off versus Gilbert Brule in neutral zone.
8:56 of 3rd period - T.J. Hensick is hit by Niklas Hagman and loses puck.
9:24 of 3rd period - Minor Penalty to Shane Sims for High sticking.
9:25 of 3rd period - B.J. Crombeen wins face-off versus T.J. Hensick in Senators zone.
9:58 of 3rd period - Slapshot by Troy Brouwer.
9:58 of 3rd period - Shot Misses the Net.
10:00 of 3rd period - Slapshot by Andy Rogers.
10:00 of 3rd period - Shot Blocked by Niklas Hagman.
11:24 of 3rd period - Penalty to Shane Sims is over, Shane Sims is back on ice.
12:11 of 3rd period - Icing by Kyle Wharton.
12:12 of 3rd period - Cody Hodgson wins face-off versus Ryan Craig in Demolitions zone.
12:15 of 3rd period - Wrist shot by Jack Skille.
12:15 of 3rd period - Shot Misses the Net.
12:40 of 3rd period - Minor Penalty to Ryan Craig for Slashing.
12:41 of 3rd period - T.J. Hensick wins face-off versus Gilbert Brule in Demolitions zone.
12:43 of 3rd period - Snap shot by Gilbert Brule.
12:43 of 3rd period - Stopped by Antero Niittymaki with a rebound.
14:40 of 3rd period - Penalty to Ryan Craig is over, Ryan Craig is back on ice.
15:08 of 3rd period - Ryan Craig is hit by Vladimir Mihalik and loses puck.
15:32 of 3rd period - Minor Penalty to Brandon Bochenski for Tripping.
15:33 of 3rd period - B.J. Crombeen wins face-off versus T.J. Hensick in Demolitions zone.
15:36 of 3rd period - Backhand shot by B.J. Crombeen.
15:36 of 3rd period - Shot Misses the Net.
15:38 of 3rd period - Slapshot by Erik Karlsson.
15:38 of 3rd period - Shot Blocked by Brad Richardson.
15:40 of 3rd period - Slapshot by Erik Karlsson.
15:40 of 3rd period - Shot Blocked by T.J. Hensick.
16:20 of 3rd period - Nikolai Kulemin is hit by Anthony Stewart and loses puck.
17:32 of 3rd period - Penalty to Brandon Bochenski is over, Brandon Bochenski is back on ice.
17:48 of 3rd period - Andrew Murray is hit by Ryan Craig and loses puck.
19:02 of 3rd period - Snap shot by T.J. Hensick.
19:02 of 3rd period - Shot Misses the Net.
19:14 of 3rd period - Senators, Jeff Deslauriers is pulled from the net.
19:26 of 3rd period - Snap shot by Gilbert Brule.
19:26 of 3rd period - Stopped by Antero Niittymaki without a rebound.
19:27 of 3rd period - Doug Gilmour call a timeout for Senators.
19:27 of 3rd period - T.J. Hensick wins face-off versus Gilbert Brule in Demolitions zone.
19:32 of 3rd period - Snap shot by Marcel Hossa.
19:32 of 3rd period - Shot Blocked by Niklas Hagman.
19:45 of 3rd period - Slapshot by Anthony Stewart.
19:45 of 3rd period - Goal by Anthony Stewart - Senators : 2 - Demolitions : 4.
19:45 of 3rd period - Jeff Deslauriers from Senators was sent back in the game.
19:46 of 3rd period - Andrew Murray wins face-off versus Ryan Craig in neutral zone.
19:49 of 3rd period - Slapshot by Milan Jurcina.
19:49 of 3rd period - Shot Misses the Net.
Goals for this period are 1 for Senators vs 1 for Demolitions.
Shots for this period are 5 for Senators vs 2 for Demolitions.


Output by the SimonT Hockey Simulator (STHS) for François Prévost -- Original Page W3C XHTML 1.0 Valid
Hockey Simulator - Hockey Simulation - Hockey Manager